 Dungeon Crawl Stone Soup version 0.30.1-1-g62c8e00024 (webtiles) character file.

Game seed: 6316472279875587553

185 Gorgoleon the Digger (level 5, -3/42 HPs)
             Began as a Gargoyle Earth Elementalist on July 17, 2023.
             Slain by a steam dragon (4 damage)
             ... on level 4 of the Dungeon.
             The game lasted 00:11:24 (2678 turns).

Gorgoleon the Digger (Gargoyle Earth Elementalist)  Turns: 2678, Time: 00:11:25

Health: -3/42      AC: 11    Str: 19    XL:     5   Next: 64%
Magic:  9/9        EV: 12    Int: 17    God:
Gold:   167        SH:  5    Dex: 10    Spells: 0/10 levels left

rFire   + . .        p - +3 whip of the Assorted Songs {holy, rC++ Str+7}
rCold   + + +        (no shield)
rNeg    + . .        e - +5 robe of Night {Dark Will+ SInv}
rPois   ∞            (no helmet)
rElec   +            (no cloak)
rCorr   +            (no gloves)
SInv    +            (no boots)
Will    +....        n - amulet of reflection Stlth
                     (no ring)
HPRegen 0.27/turn    (no ring)
MPRegen 0.11/turn

%: reflection
@: berserking, resistant, very quick
A: sickness immunity, AC +4, negative energy resistance 1, electricity
resistance, torment resistance 1, petrification resistance
a: no special abilities


You were on level 4 of the Dungeon.
You visited 1 branch of the dungeon, and saw 4 of its levels.

You collected 167 gold pieces.

Inventory:

Hand Weapons
 p - the +3 whip of the Assorted Songs (weapon) {holy, rC++ Str+7}
   (You found it on level 3 of the Dungeon)

   Str:       It affects your strength (+7).
   rC:        It greatly protects you from cold.
Missiles
 g - 39 stones
Armour
 a - a +1 robe
 e - the +5 robe of Night (worn) {Dark Will+ SInv}
   (You found it on level 4 of the Dungeon)

   Dark:      It shrouds the wearer in darkness, reducing the range at which
   they can see and be seen by others.
   SInv:      It lets you see invisible.
   Will:      It increases your willpower.
 l - an orb of light
Jewellery
 k - a ring of fire
 n - an amulet of reflection (around neck)
 q - a ring of willpower
Scrolls
 h - 2 scrolls of teleportation
 m - a scroll of enchant weapon
Potions
 b - 2 potions of magic
 c - 2 potions of mutation
 i - a potion of flight
 u - a potion of brilliance {unknown}


   Skills:
 - Level 2.0 Dodging
 - Level 2.1 Stealth
 - Level 3.0 Spellcasting
 * Level 0.2 Conjurations
 - Level 1.0 Transmutations
 + Level 6.4 Earth Magic


You couldn't memorise any spells.
You knew the following spells:

 Your Spells              Type           Power      Damage    Failure   Level
a - Sandblast             Erth           48%        2d12      1%          1
b - Stone Arrow           Conj/Erth      26%        3d8       14%         3
c - Passwall              Tmut/Erth      12%        N/A       6%          2
d - Petrify               Tmut/Erth      15%        N/A       36%         4

Your spell library contained the following spells:

 Spells                   Type           Power      Damage    Failure   Level
 Kiss of Death            Conj/Necr      8%         2d6       17%         1
 Confusing Touch          Hex            2%         N/A       45%         3
 Dispel Undead            Necr           2%         3d7       86%         4


Dungeon Overview and Level Annotations

Branches:
Dungeon (4/15)
 Temple: D:4-7

Altars:

Shops:
D:3 (


Innate Abilities, Weirdness & Mutations

You are immune to sickness and miasma.
Your stone body is resilient. (AC +4)
You are immune to poison.
You resist negative energy. (rN+)
You are resistant to electric shocks. (rElec)
You are resistant to unholy torment.
You are immune to petrification.


Message History

You kill the kobold!
g - 39 stones (gained 4)
Things that are here:
a +0 whip; a +0 plate armour
Found a ring mail.
A steam dragon comes into view.
Aiming: Sandblast (safe; 1% risk of failure)
Press: ? - help, Q - select action, (/) - cycle Shift-Dir - straight line, f - you
Okay, then.
An endoplasm comes into view.
Found a cyan potion.
The steam dragon hisses angrily.
Aiming: Sandblast (safe; 1% risk of failure)
Press: ? - help, Q - select action, (/) - cycle Shift-Dir - straight line, f - steam dragon
Aim: a steam dragon (83% to hit)
The blast of sand hits the steam dragon but does no damage.
The endoplasm quivers.
The steam dragon breathes steam at you. The ball of steam hits you!
Ouch! That really hurt!
You are engulfed in a cloud of scalding steam.
The endoplasm is engulfed in a cloud of scalding steam.
The endoplasm dies!
The steam dragon breathes steam at you. The ball of steam hits you!
* * * LOW HITPOINT WARNING * * *
You feel protected.
It was a potion of berserk rage.
A red film seems to cover your vision as you go berserk!
You feel yourself moving faster!
You feel mighty!
A scorpion comes into view.
Unknown command.
You are too berserk!
You feel a strong urge to attack something.
The steam dragon closely misses you. The steam dragon claws you.
* * * LOW HITPOINT WARNING * * *
You hit the steam dragon.
The steam dragon is lightly wounded.
The steam dragon bites you.
You die...

##...##...#. .#
##..........#.# ##.#
#.............## ...#
#............[.. ####
#..###.............#
...# #..##....).@D.s..#
##.###..##.##...##....#
##............#######.#
##<.....##.#### #.§.#
[..##......# ###.#
#####..###.## D.# #
#..# #..## .J. #
#..###...# ##! #
#......#.##


You could see a steam dragon and a scorpion.

Vanquished Creatures
  2 orc priests (D:4)
  An orc wizard (D:3)
  4 adders
  5 orcs
  8 endoplasms
  5 giant cockroaches
  2 hobgoblins (D:1)
  3 quokkas
  5 ball pythons
  5 bats
  A frilled lizard (D:1)
  5 goblins
  10 kobolds
  7 rats
63 creatures vanquished.

Vanquished Creatures (others)
  An endoplasm (D:4)
1 creature vanquished.

Grand Total: 64 creatures vanquished

Notes
Turn   | Place    | Note
-------+----------+-------------------------------------------
     0 | D:1      | Gorgoleon the Gargoyle Earth Elementalist began the quest
                  | for the Orb.
     0 | D:1      | Reached XP level 1. HP: 10/10 MP: 3/3
   127 | D:1      | Reached skill level 1 in Transmutations
   230 | D:1      | Reached XP level 2. HP: 10/15 MP: 5/5
   305 | D:1      | Reached skill level 4 in Earth Magic
   729 | D:2      | Reached XP level 3. HP: 19/19 MP: 4/6
  1364 | D:3      | Identified the +3 whip of the Assorted Songs {holy, rC++
                  | Str+7}
  1423 | D:3      | Reached XP level 4. HP: 24/24 MP: 8/8
  1476 | D:3      | Found Bemmugug's Antique Weapon Shop.
  1586 | D:3      | Found a faded altar of an unknown god.
  1797 | D:3      | Reached skill level 5 in Earth Magic
  2093 | D:4      | Reached XP level 5. HP: 13/28 MP: 7/9
  2098 | D:3      | Reached skill level 6 in Earth Magic
  2500 | D:4      | Learned a level 3 spell: Stone Arrow
  2503 | D:4      | Learned a level 2 spell: Passwall
  2508 | D:4      | Learned a level 4 spell: Petrify
  2547 | D:4      | Found the +5 robe of Night {Dark Will+ SInv}
  2666 | D:4      | Noticed a steam dragon
  2672 | D:4      | HP: 1/28 [something/ball of steam (12)]
  2677 | D:4      | HP: 1/42 [steam dragon (3)]
  2678 | D:4      | Slain by a steam dragon

Illustrated notes

Levels and vault maps discovered:
D:1:      lordsloth_arrival_two_stooges, layout_basic, minmay_misc_feat_five
D:2:      layout_rooms, minmay_circled_x
D:3:      layout_basic, ebering_ecumenical_altar_sacrificial, serial_shops,
          nicolae_shop_tiny_statue_garden
D:4:      layout_rooms, kennysheep_generic_room_12

Skill      XL: |  1  2  3  4  5 |
---------------+----------------+-----
Transmutations | 1 |  1.0
Earth Magic    | 4 5 6 |  6.4
Dodging        | 2 |  2.0
Spellcasting   | 3 |  3.0
Stealth        | |  2.1
Conjurations   | |  0.2

Action                     |  1- 3 |  4- 6 || total
---------------------------+-------+-------++-------
  Melee: Club              |    54 |       ||    54
         Whip              |     7 |    45 ||    52
   Cast: Sandblast         |    32 |    18 ||    50
    Use: Scroll            |       |    10 ||    10
         Potion            |       |     2 ||     2
 Armour: Robe              |    28 |    11 ||    39
  Dodge: Dodged            |    29 |    25 ||    54
  Block: Orb               |     9 |    12 ||    21
         Reflection        |       |     1 ||     1
         Other             |       |     1 ||     1
